[Event "Early-Titled-Tuesday-Blitz-June-18-2024"]
[Site "Chess.com"]
[Date "2024.06.18"]
[Round "2"]
[White "Zohid6"]
[Black "GelmanAlexander"]
[Result "1/2-1/2"]
[WhiteElo "2988"]
[BlackElo "2659"]
[TimeControl "180+1"]
[EndTime "8:19:05 PDT"]
[Termination "Game drawn by agreement"]

1. e4 c5 2. Nf3 e6 3. c3 b6 4. d4 Bb7 5. Bd3 Nf6 6. Qe2 d5 7. e5 Nfd7 8. h4 Nc6 9. a3 h6 10.
Bf4 Qc7 11. Nbd2 O-O-O 12. b4 Kb8 13. Bg3 Ka8 14. O-O Be7 15. Nh2 g5 16. h5 cxd4 17.
b5 dxc3 18. bxc6 Qxc6 19. Bb5 Qc7 20. Nb3 Nc5 21. Nxc5 bxc5 22. Rfc1 d4 23. Qd3 Bd5 24. Ng4 Rb8 25. a4 Rb6 26. Nf6 Bxf6 27. exf6 Qb7 28.
Bc4 Bxg2 29. a5 Rb2 30. a6 Qe4 31. Qxe4+ Bxe4 32. Ra5 Rc8 33. Bd6 c2 34. Rxc5 Rxc5 35. Bxc5 Rb1 36. Ba3 d3 37. Bxd3 Bxd3 38. Kh2 Kb8 39.
f4 gxf4 40. Bd6+ Kc8 41. Bxf4 e5 42. Bxh6 Kd7 43. Be3 Ke6 44. Kg3 Kxf6 45. Kf2 Ke6 46. Ke1 Kd5 47. Kd2 Bh7 48. Bxa7 Kc6 49. Bf2 Rxc1 50.
Kxc1 Kc7 51. h6 f6 52. Bh4 Kb6 53. Bxf6 Kxa6 54. Bxe5 Kb5 55. Bb2 Kc4 56. Kd2 1/2-1/2

[Event "Early-Titled-Tuesday-Blitz-June-18-2024"]
[Site "Chess.com"]
[Date "2024.06.18"]
[Round "2"]
[White "Vladimir_Zakhartsov"]
[Black "chess123456s"]
[Result "1-0"]
[WhiteElo "2905"]
[BlackElo "2621"]
[TimeControl "180+1"]
[EndTime "8:19:05 PDT"]
[Termination "Vladimir_Zakhartsov won by resignation"]

1. Nf3 Nf6 2. c4 c5 3. Nc3 Nc6 4. e3 e6 5. d4 d5 6. a3 a6 7. dxc5 Bxc5 8. b4 Ba7 9. Bb2 O-O 10. Be2 dxc4 11. Bxc4 b5 12. Bd3 Bb7 13. Qe2 Qe7 14. O-O Rfd8 15. Ne4 Nd5 16. Rac1 Rac8 17.
Nc5 a5 18. Bxb5 axb4 19. Nxb7 Qxb7 20. Ba6 Qa8 21. Bxc8 bxa3 22. Bxa3 Rxc8 23. Bc5 Bb8 24. Qb5 Ne5 25. Ra1 Qc6 26. Qxc6 Nxc6 27. Rfc1 h6 28.
g3 Ne5 29. Nxe5 Bxe5 30. Bd4 Rxc1+ 31. Rxc1 Bxd4 32. exd4 g5 33. Kg2 Kg7 34. Kf3 Kg6 35. Rc5 f5 36. Rc8 h5 37. h4 g4+ 38. Ke2 f4 39. Rg8+ Kh6 40. Rg5 fxg3 41. fxg3 Ne7 42. Re5 Nf5 43. Rxf5 exf5 44. Ke3 Kg7 45. Kf4 Kf6 46.
d5 Kg6 47. Ke5 f4 48. Kxf4 Kf6 49. Ke4 Kf7 50. Kf5 Ke7 51. Kg5 Kd6 52. Kxh5 Kxd5 53.
Kxg4 Ke4 1-0

[Event "Early-Titled-Tuesday-Blitz-June-18-2024"]
[Site "Chess.com"]
[Date "2024.06.18"]
[Round "2"]
[White "IngOscarArdila"]
[Black "NailBashirli"]
[Result "1-0"]
[WhiteElo "2420"]
[BlackElo "2748"]
[TimeControl "180+1"]
[EndTime "8:19:05 PDT"]
[Termination "IngOscarArdila won by resignation"]

1. d4 Nf6 2. c4 e6 3. Nc3 Bb4 4. Qc2 d6 5. Bg5 O-O 6. Nf3 Nc6 7.
e3 h6 8. Bxf6 Qxf6 9. a3 Bxc3+ 10. Qxc3 e5 11. dxe5 dxe5 12. Be2 Bg4 13. h3 Bh5 14. O-O Rfd8 15. Rfd1 a5 16. Rd5 Rd6 17. Rxd6 Qxd6 18. Rd1 Qe7 19. g4 Bg6 20. Rd5 Be4 21. Rd1 Qf6 22. Nd2 Bg6 23. Bf3 Rd8 24. Bd5 Ne7 25. Bxb7 c6 26. Qxa5 Qd6 27. c5 Qd7 28. Qb6 Bc2 29. Ra1 Qxd2 30. b4 Be4 31.
Qc7 Ng6 32. Bxc6 Bxc6 33. Qxc6 Qb2 34. Rf1 Qxa3 35. b5 Qa4 36. Qc7 Re8 37. b6 Nh4 38. Qb7 h5 39. gxh5 e4 40. Qc7 Qc4 41. b7 Nf3+ 42.
Kg2 Nh4+ 43. Kg1 Nf3+ 44. Kg2 Re5 45. b8=Q+ Re8 46. Qxe8+ Kh7 47. Qf4 Qxc5 48. Qexe4+ f5 49. Qexf3 1-0

[Event "Early-Titled-Tuesday-Blitz-June-18-2024"]
[Site "Chess.com"]
[Date "2024.06.18"]
[Round "2"]
[White "alexrustemov"]
[Black "esskeettit"]
[Result "1-0"]
[WhiteElo "2859"]
[BlackElo "2504"]
[TimeControl "180+1"]
[EndTime "8:19:07 PDT"]
[Termination "alexrustemov won on time"]

1. d4 d5 2. c4 e6 3. Nc3 Be7 4. Nf3 Nf6 5. Bg5 O-O 6. e3 h6 7.
Bxf6 Bxf6 8. Rc1 b6 9. cxd5 exd5 10. b4 c6 11. Be2 Re8 12. O-O Bf5 13. b5 a6 14. a4 cxb5 15. axb5 a5 16. Qb3 Be6 17. Na4 Ra7 18. Rc2 Rc7 19. Rfc1 Rxc2 20. Qxc2 Nd7 21.
Qc6 Qb8 22. h3 Bd8 23. Ne1 Nf6 24. Bf3 Bd7 25. Qc2 Bxb5 26. Rb1 Bc4 27. Nd3 b5 28. Nac5 b4 29. Ne5 Be7 30. Nxc4 dxc4 31. Qxc4 Rc8 32.
g3 Qb6 33. Rc1 Nd7 34. Bg4 Rxc5 35. dxc5 Nxc5 36. Rb1 b3 37. Bf3 a4 38. Bd5 Qf6 39. Kg2 Kh8 40. h4 g5 41. hxg5 hxg5 42. Bxf7 Kg7 43.
Bd5 Qf5 44. Rh1 b2 45. e4 Qe5 46. Rb1 a3 47. Qa2 Qc3 48. Rh1 Nd3 49. Qc4 Qf6 50. Qxd3 Bc5 51. Qf3 Qxf3+ 52. Kxf3 1-0

[Event "Early-Titled-Tuesday-Blitz-June-18-2024"]
[Site "Chess.com"]
[Date "2024.06.18"]
[Round "2"]
[White "slidingknight2775"]
[Black "rachidhuilda"]
[Result "1-0"]
[WhiteElo "2708"]
[BlackElo "2402"]
[TimeControl "180+1"]
[EndTime "8:19:07 PDT"]
[Termination "slidingknight2775 won on time"]

1. d4 Nf6 2. c4 c5 3. d5 b5 4. cxb5 a6 5. bxa6 g6 6. Nc3 Bg7 7. e4 O-O 8. a7 Rxa7 9. Nf3 e6 10.
Be2 exd5 11. exd5 d6 12. O-O Ba6 13. Bf4 Re8 14. Bxa6 Nxa6 15. Qa4 Qb6 16. Qb5 Rb8 17. a4 Nc7 18. Qd3 Nh5 19. Be3 Na6 20. Nb5 Nb4 21. Qd2 Nf6 22. Qxb4 cxb4 23. Bxb6 Rxb6 24. Nxa7 Nxd5 25. Rad1 Nf4 26. Rfe1 Bxb2 27. Nb5 d5 28. g3 Ne6 29. Rxd5 Ra6 30. Re2 Bf6 31. Nfd4 Nxd4 32.
Nxd4 Rxa4 33. Nc6 b3 34. Rb5 b2 35. Rexb2 Bxb2 36. Rxb2 Rc4 37. Ne5 Re4 38. Nf3 h6 39.
Rd2 Kg7 40. h3 g5 41. Kg2 Kg6 42. Nh2 h5 43. g4 Re6 44. Nf1 h4 45. Ne3 Ra6 46.
Nf5 Ra5 47. Rd8 Ra3 48. Rg8+ Kf6 49. Rb8 Kg6 50. Rb6+ Kh7 51. Rh6+ Kg8 52. Rc6 Kh7 53. Nd6 Kg7 54. Rc7 Kf6 55. Nxf7 Ra1 56. Nd6 Ke6 57. Ne4 Ra5 58. Rc5 1-0

[Event "Early-Titled-Tuesday-Blitz-June-18-2024"]
[Site "Chess.com"]
[Date "2024.06.18"]
[Round "2"]
[White "cristiano78"]
[Black "BM223344"]
[Result "0-1"]
[WhiteElo "2233"]
[BlackElo "2595"]
[TimeControl "180+1"]
[EndTime "8:19:07 PDT"]
[Termination "BM223344 won by resignation"]

1. d4 Nf6 2. c4 g6 3. Nc3 Bg7 4. e4 d6 5. Nf3 O-O 6. Be2 Nbd7 7. O-O e5 8. d5 Nc5 9. Nd2 a5 10. b3 h6 11. Rb1 Nh7 12. a3 f5 13.
f3 b6 14. b4 axb4 15. axb4 Nd7 16. Nb3 f4 17. c5 bxc5 18. bxc5 h5 19. Nb5 Rf6 20.
Ba3 Bf8 21. Qc1 h4 22. cxd6 cxd6 23. Nc7 Rb8 24. Ne6 Qb6+ 25. Kh1 Be7 26. Nd2 Qa7 27.
Rxb8 Qxb8 28. Qc6 Ndf8 29. Rb1 Qa7 30. Qxc8 Qxa3 31. Nxf8 Nxf8 32. Rb7 Qe3 33. Qc4 Qxd2 34. Rxe7 Qe1+ 35. Bf1 Qf2 36. Qe2 Qxe2 37. Bxe2 Rf7 38. Rxf7 Kxf7 39. g3 hxg3 40. hxg3 g5 41. gxf4 gxf4 42.
Kg2 Nd7 43. Bb5 Nc5 44. Kh3 Kf6 45. Kg4 Nb3 46. Bd7 Nd4 47. Bc8 Nc2 48. Bd7 Ne3+ 49. Kh3 Kg5 50. Bc8 Nc2 51. Bg4 Ne1 52. Kh2 Kh4 53. Kg1 Kg3 54. Kf1 Nxf3 55. Be6 Ng5 56. Bf5 Kf3 0-1

[Event "Early-Titled-Tuesday-Blitz-June-18-2024"]
[Site "Chess.com"]
[Date "2024.06.18"]
[Round "2"]
[White "Fh2411"]
[Black "Zurability"]
[Result "0-1"]
[WhiteElo "2558"]
[BlackElo "2788"]
[TimeControl "180+1"]
[EndTime "8:19:08 PDT"]
[Termination "Zurability won on time"]

1. d4 Nf6 2. Nf3 e6 3. Bf4 c5 4. e3 d5 5. c3 Nc6 6. Nbd2 cxd4 7. exd4 Nh5 8. Be3 Qc7 9. g3 Bd6 10. Bd3 Nf6 11. Nh4 a6 12. O-O b5 13. a3 Bb7 14. Bg5 Ne7 15. Qf3 Nd7 16. Rfe1 Nf8 17. Ng2 h6 18. Bf4 Nfg6 19. Bxd6 Qxd6 20. Re3 O-O 21.
Rae1 Bc6 22. h4 Rfe8 23. h5 Nf8 24. Qg4 Nd7 25. Rf3 Kf8 26. Qh4 e5 27. dxe5 Nxe5 28. Rfe3 Nxd3 29. Rxd3 Nf5 30. Qb4 Qxb4 31. axb4 d4 32.
Rxe8+ Rxe8 33. cxd4 Rd8 34. Nb3 Be4 35. Rd2 Bd5 36. Nc5 Bc4 37. d5 Rd6 38. Nf4 Ne7 39. Nb7 Rb6 40. Nc5 Rd6 41. Ne4 Rd8 42. d6 Nc8 43. d7 Nb6 44. Nc5 Ke7 45. b3 Be6 46.
Nfxe6 fxe6 47. Nxa6 Nxd7 48. Nc7 Rb8 49. Na6 Rb6 50.
Kg2 Rxa6 51. Rc2 Rd6 52. Rc7 Rd4 0-1

[Event "Early-Titled-Tuesday-Blitz-June-18-2024"]
[Site "Chess.com"]
[Date "2024.06.18"]
[Round "2"]
[White "N_Mullodzhanov"]
[Black "atbenina64"]
[Result "0-1"]
[WhiteElo "2572"]
[BlackElo "2831"]
[TimeControl "180+1"]
[EndTime "8:19:10 PDT"]
[Termination "atbenina64 won by resignation"]

1. e4 c5 2. c3 Nf6 3. e5 Nd5 4. Nf3 d6 5. exd6 e6 6. g3 Bxd6 7. Bg2 O-O 8. O-O Nc6 9. d4 Nf6 10.
Na3 cxd4 11. Nb5 Bc5 12. Nbxd4 Nxd4 13. Nxd4 e5 14. Nb3 Bb6 15. Bg5 Qe7 16. Qf3 Rb8 17.
Rad1 h6 18. Bxf6 Qxf6 19. Qxf6 gxf6 20. Rd6 Be6 21. Bd5 Bc7 22. Rxe6 fxe6 23. Bxe6+ Kh8 24.
Nc5 Rfe8 25. Bf5 Rbd8 26. Ne4 Bb6 27. Kg2 Kg7 28. h4 Rd5 29. Re1 Red8 30. Re2 h5 31. b3 Rd1 32. a4 a5 33. b4 Ra1 34. bxa5 Bxa5 35. Nc5 Rdd1 36. Nxb7 Bxc3 37. Nc5 Bd4 38. Ne6+ Kf7 39. Rc2 Ke7 40. Rc7+ Kd6 41. Rf7 Rg1+ 42.
Kf3 Ra3+ 43. Ke2 Ra2+ 44. Kd3 Rd1+ 45. Kc4 Rc1+ 46. Kb5 Bxf2 47. Nd4 exd4 48. Rd7+ Ke5 49. Bd3 Rb2+ 50. Ka6 Rc3 51. Re7+ Kd6 52. Rf7 Rxd3 53. Rxf6+ Ke5 54. Rh6 Rf3 0-1

[Event "Early-Titled-Tuesday-Blitz-June-18-2024"]
[Site "Chess.com"]
[Date "2024.06.18"]
[Round "2"]
[White "Chessgod9oninsta"]
[Black "killer_dreams"]
[Result "0-1"]
[WhiteElo "2767"]
[BlackElo "2569"]
[TimeControl "180+1"]
[EndTime "8:19:10 PDT"]
[Termination "killer_dreams won by resignation"]

1. c4 e6 2. Nc3 d5 3. d4 Nf6 4.
cxd5 exd5 5. Bg5 Be7 6. e3 c6 7. Bd3 h6 8. Bh4 Nbd7 9. Qc2 O-O 10. Nge2 Re8 11. O-O Ne4 12. Bxe7 Qxe7 13. Rab1 Ndf6 14. b4 a6 15. Na4 Be6 16. Nc5 Rad8 17. a4 Nxc5 18.
bxc5 Bc8 19. Rb2 Ne4 20. Rfb1 Nxf2 21. Kxf2 Qxe3+ 22. Kf1 Re6 23. Ke1 Qxd4 24. Kd1 Qf2 25. Qd2 Qxc5 26. Rc2 Qd6 27. Bf5 Rxe2 28. Bh7+ Kxh7 29.
Qxe2 Bf5 30. Rxb7 Bxc2+ 31. Qxc2+ Kg8 32. Qf5 Qe6 33. Qxe6 fxe6 34. Ra7 c5 35. Rxa6 Kf7 36. a5 Rb8 37. Rc6 Rb5 38. a6 Ra5 39. Kc2 Kf6 40. Kc3 Ra3+ 41. Kb2 Ra5 42. Kc3 Ke5 43. g3 g5 44. g4 Ra1 45. Kb2 Ra4 46. Kb3 Ra5 47. Kc3 Kf4 48. Rxe6 Kxg4 49. Rxh6 Ra3+ 50. Kb2 Ra5 51. Kc3 c4 52. Kb4 Ra1 53. Rd6 Kh3 54.
Kb5 c3 55. Rc6 d4 56. Kb6 Kxh2 57. a7 g4 58. Rc5 Rxa7 59. Kxa7 g3 60. Rh5+ Kg2 61.
Rd5 c2 0-1

[Event "Early-Titled-Tuesday-Blitz-June-18-2024"]
[Site "Chess.com"]
[Date "2024.06.18"]
[Round "2"]
[White "FredddieCroderg"]
[Black "Hsper248"]
[Result "0-1"]
[WhiteElo "2307"]
[BlackElo "2719"]
[TimeControl "180+1"]
[EndTime "8:19:10 PDT"]
[Termination "Hsper248 won on time"]

1. e4 c5 2. Bc4 Nc6 3. d3 e6 4. Qf3 Ne5 5. Qg3 Nxc4 6. dxc4 h5 7. h4 Nf6 8. e5 Ng4 9. Nc3 d6 10. Bg5 Qb6 11. O-O-O Nxe5 12. b3 Bd7 13. Bf4 Qc7 14. Nf3 Nxf3 15. gxf3 O-O-O 16. Bxd6 Bxd6 17. Rxd6 Bc6 18. Rhd1 Rxd6 19. Rxd6 Rd8 20. Rxd8+ Kxd8 21. Qxg7 Qf4+ 22.
Kb2 Bxf3 23. Qf8+ Kd7 24. Qxc5 b6 25. Qa3 a5 26. c5 Qb4 27. Qxb4 axb4 28. Na4 b5 29.
Nb6+ Kc6 30. c3 Kxc5 31. Nd7+ Kd6 32. Nf6 Kc5 33. cxb4+ Kxb4 34. Nd7 Be2 35. a3+ Ka5 36. Ne5 f6 37. Nd7 f5 38. Kc3 Bd1 39. Nc5 e5 40.
Ne6 f4 41. Ng5 Kb6 42. Ne4 Bf3 43. Nd2 Bg4 44. Kd3 Bf5+ 45. Kc3 Kc5 46. b4+ Kd5 47. Kb3 e4 48. a4 Bd7 49. axb5 Bxb5 50. Kc3 e3 51. fxe3 fxe3 52. Nf3 Ke4 53. Ng5+ Kf4 54.
Ne6+ Kg3 55. Nd4 Kf2 0-1

[Event "Early-Titled-Tuesday-Blitz-June-18-2024"]
[Site "Chess.com"]
[Date "2024.06.18"]
[Round "2"]
[White "Hamisandwich"]
[Black "AjedrezInteligente"]
[Result "1-0"]
[WhiteElo "2756"]
[BlackElo "2427"]
[TimeControl "180+1"]
[EndTime "8:19:11 PDT"]
[Termination "Hamisandwich won by checkmate"]

1. e4 c5 2. Be2 Nc6 3. f4 Nd4 4. Nf3 g6 5. O-O Bg7 6. d3 d6 7. c3 Nxe2+ 8. Qxe2 Bg4 9. h3 Bxf3 10. Qxf3 Nf6 11. f5 O-O 12. Na3 Nd7 13. Bg5 Ne5 14. Qg3 f6 15. Bf4 g5 16. Bxe5 dxe5 17. h4 h6 18. Rad1 Qc7 19. Nc4 b5 20. Ne3 Rad8 21. Nd5 Qb7 22. Qf3 Rd7 23. b3 c4 24. dxc4 bxc4 25.
b4 Rfd8 26. a4 a6 27. Rf2 Kf8 28. Rfd2 Qc6 29. a5 Qa4 30. Kf1 Qb3 31. Ke2 Rd6 32.
Qe3 R8d7 33. hxg5 hxg5 34. g4 Kf7 35. Qh3 Rd8 36. Qh5+ Kf8 37. Qh3 Kf7 38. Qe3 R8d7 39. Nb6 Rd8 40. Rxd6 Rxd6 41. Rxd6 exd6 42. Nd5 Qc2+ 43. Kf3 Qd1+ 44. Qe2 Qh1+ 45. Ke3 Qc1+ 46. Kf2 Qh1 47. Qxc4 Qh2+ 48. Ke3 Qg1+ 49. Kd2 Qf2+ 50.
Kc1 Qe1+ 51. Kc2 Qf2+ 52. Kb3 Kf8 53. Qc8+ Kf7 54. Qe6+ Kf8 55. Ne7 Qa7 56. Ng6# 1-0

[Event "Early-Titled-Tuesday-Blitz-June-18-2024"]
[Site "Chess.com"]
[Date "2024.06.18"]
[Round "2"]
[White "profedechess93"]
[Black "Cmorales2001"]
[Result "0-1"]
[WhiteElo "2600"]
[BlackElo "2331"]
[TimeControl "180+1"]
[EndTime "8:19:11 PDT"]
[Termination "Cmorales2001 won on time"]

1. e4 c6 2. d4 d5 3. Nc3 dxe4 4. Nxe4 Nf6 5. Nxf6+ exf6 6. c3 Bd6 7. Bd3 Na6 8. Ne2 Nc7 9. Qc2 h5 10. h4 O-O 11.
Be3 Re8 12. O-O-O Nd5 13. Bd2 b5 14. Rde1 Rb8 15. Ng3 Bxg3 16. fxg3 Rxe1+ 17. Rxe1 Bg4 18. Bh7+ Kh8 19. Bf5 Bxf5 20. Qxf5 g6 21. Qf3 Qd7 22. Qe4 Kg7 23. a3 a5 24. Re2 Rc8 25. Re1 Rd8 26. Re2 Rc8 27. Kb1 a4 28. Re1 Rd8 29. Ka1 Rc8 30.
Qd3 Re8 31. Rc1 Nb6 32. Rf1 Qd5 33. Bc1 Nc4 34. Qc2 Na5 35. Qf2 Re6 36. Kb1 Nb3 37. Bf4 Qf5+ 38. Ka2 Qd5 39. Kb1 Na5 40. Qd2 Nb3 41.
Qc2 Qc4 42. Qf2 Qd3+ 43. Ka2 Qc4 44. Qf3 Re2 45. Bh6+ Kxh6 46. Qf4+ Kh7 47. Kb1 Nd2+ 48. Kc2 Nxf1+ 49. Kb1 Qd3+ 50. Ka2 Nd2 0-1

[Event "Early-Titled-Tuesday-Blitz-June-18-2024"]
[Site "Chess.com"]
[Date "2024.06.18"]
[Round "2"]
[White "averageFM"]
[Black "Onischuk_V"]
[Result "0-1"]
[WhiteElo "2576"]
[BlackElo "2833"]
[TimeControl "180+1"]
[EndTime "8:19:12 PDT"]
[Termination "Onischuk_V won by resignation"]

1. e4 d6 2. d4 Nf6 3. Nc3 g6 4. Nf3 Bg7 5. Be2 O-O 6. O-O a6 7. a4 Nc6 8. d5 Nb4 9. a5 e6 10. dxe6 Bxe6 11. Nd4 Bd7 12. Bg5 h6 13. Bh4 Re8 14.
Bd3 g5 15. Bg3 Ng4 16. Nf5 Bxf5 17. exf5 Ne5 18. Be4 Nc4 19. f6 Bxf6 20. Bxb7 Rb8 21. Qf3 Nd2 22. Qf5 Rxb7 23. Rfe1 Bg7 24. Nd5 Rb8 25. Rxe8+ Qxe8 26. Nxc7 Qc6 27. Rd1 Ne4 28. c3 Nxg3 29. hxg3 Qxc7 30. cxb4 Rxb4 31. Re1 Qc6 32.
Re7 Qc4 33. Re8+ Bf8 34. Qf6 Qd4 35. Qxh6 Qg7 36. Qxd6 Rxb2 37. Qd1 Ra2 38. Qh5 Rxa5 39. g4 Ra1+ 40. Kh2 a5 41. g3 a4 42. Ra8 a3 43.
Ra5 Be7 44. Ra8+ Bf8 45. Ra5 Qh6 46. Rxg5+ Kh8 47. Ra5 Qxh5+ 48. gxh5 Rb1 49. Kh3 Rb2 50. f4 a2 51. Kg4 Bg7 52. Ra8+ Kh7 53. Kf5 Rc2 54.
g4 a1=Q 0-1

[Event "Early-Titled-Tuesday-Blitz-June-18-2024"]
[Site "Chess.com"]
[Date "2024.06.18"]
[Round "2"]
[White "hellokostya"]
[Black "KhBegmuratov"]
[Result "1-0"]
[WhiteElo "2647"]
[BlackElo "2923"]
[TimeControl "180+1"]
[EndTime "8:19:13 PDT"]
[Termination "hellokostya won by checkmate"]

1. Nf3 Nf6 2. c4 e6 3. g3 d5 4. Bg2 Be7 5. O-O O-O 6. b3 d4 7. e3 c5 8. Ne5 Nfd7 9. Nxd7 Qxd7 10. exd4 cxd4 11. Ba3 Nc6 12. Bxe7 Qxe7 13. d3 Bd7 14. a3 a5 15. Nd2 Rad8 16. Qc2 Rfe8 17. c5 Rc8 18. Rab1 Ne5 19. b4 axb4 20. axb4 b6 21.
Rfe1 f6 22. Nc4 bxc5 23. Nxe5 fxe5 24. b5 c4 25. Rxe5 Qd6 26. Rh5 g6 27. Rh4 c3 28.
Be4 Rb8 29. Qa4 Rec8 30. Bxg6 hxg6 31. Rxd4 Qe7 32. Rg4 Qf6 33. Qe4 Kg7 34. Qe3 c2 35.
Rc1 Rxb5 36. Rh4 Rh5 37. Rd4 Bc6 38. Rxc2 Re5 39. Qc1 Qf7 40. Rf4 Qd7 41. Qb2 Qd6 42. Re2 Kg8 43. Qxe5 Rb8 44. Qe3 Rb1+ 45. Re1 Qb4 46.
Rxb4 Rxb4 47. Qxe6+ Kh7 48. Qxc6 Kh6 49. Qc7 Rd4 50.
Qf4+ Rxf4 51. gxf4 Kh5 52. d4 Kg4 53. d5 Kf3 54. d6 g5 55. fxg5 Kg4 56. g6 Kh3 57. g7 Kh4 58. g8=Q Kh3 59. Qg3# 1-0

[Event "Early-Titled-Tuesday-Blitz-June-18-2024"]
[Site "Chess.com"]
[Date "2024.06.18"]
[Round "2"]
[White "annasargsyan_m"]
[Black "ulises2013"]
[Result "0-1"]
[WhiteElo "2603"]
[BlackElo "2866"]
[TimeControl "180+1"]
[EndTime "8:19:13 PDT"]
[Termination "ulises2013 won on time"]

1. d4 g6 2. g3 Bg7 3. Bg2 c5 4. dxc5 Qa5+ 5. Nd2 Qxc5 6. Ngf3 Nf6 7. O-O O-O 8. Nb3 Qc7 9. c3 Nc6 10. Bf4 d6 11. a4 Bd7 12. a5 Rfd8 13. a6 bxa6 14.
Rxa6 Rab8 15. Be3 e5 16. Nfd2 d5 17. Qa1 Bc8 18. Ra4 a6 19. Nc5 a5 20. h3 h6 21.
Kh2 Kh7 22. Rb1 g5 23. Rc1 Kg8 24. b4 axb4 25. cxb4 Qe7 26. Nd3 Bd7 27. Ra6 Rdc8 28. Bc5 Qe8 29. Bd6 e4 30. Nb2 Nxb4 31. Bxb8 Nxa6 32.
Rxc8 Qxc8 33. Bd6 Qc6 34. Qa3 Nc7 35. Be7 Nb5 36. Qa5 Ne8 37. Na4 Nd4 38. Nc5 Nxe2 39. Ndb3 Nd4 40. Qd8 Bf5 41. Na5 Qc8 42. Qb6 Nf3+ 43. Bxf3 exf3 44. Nc6 Bd7 45. Na7 Qc7 46.
Qb3 Qxa7 47. Qxd5 Bc6 48. Qxc6 Qxe7 49. Ne4 Nf6 50. Nd6 Nd7 51. Nf5 Qe6 52. Qxf3 Nf8 53. g4 Ng6 54. Qa8+ Kh7 55. Qf3 Be5+ 56. Kh1 Bf4 57. Qd3 Ne5 58. Qe4 Qc6 0-1

[Event "Early-Titled-Tuesday-Blitz-June-18-2024"]
[Site "Chess.com"]
[Date "2024.06.18"]
[Round "2"]
[White "Abund"]
[Black "Pelusiansky"]
[Result "0-1"]
[WhiteElo "2732"]
[BlackElo "2431"]
[TimeControl "180+1"]
[EndTime "8:19:13 PDT"]
[Termination "Pelusiansky won by resignation"]

1. e4 e5 2. Nf3 Nf6 3. Nxe5 d6 4. Nf3 Nxe4 5. d4 d5 6. Bd3 Bb4+ 7. c3 Bd6 8. O-O O-O 9. Re1 Bf5 10. Qb3 Nc6 11.
Qxb7 Ne7 12. Qa6 Ng6 13. Nbd2 Nh4 14. g3 Nxf3+ 15. Nxf3 Qf6 16. Bf4 Rab8 17. Bxd6 cxd6 18. Rab1 Bc8 19. Qxa7 Rb7 20. Qa5 Qxf3 21. Bxe4 dxe4 22. Re3 Qf5 23. Qxf5 Bxf5 24. d5 Ra8 25. c4 Rxa2 26. b4 Rc2 27. g4 Bg6 28. Ra1 h5 29. gxh5 Bxh5 30. c5 dxc5 31. bxc5 Rxc5 32. d6 Rd5 33. Rxe4 Rxd6 34. Rh4 Rh6 35. Ra5 Bg6 36. Rxh6 gxh6 37. Kg2 Re7 38. Kg3 Kg7 39. h4 h5 40. Ra4 Re4 41. Ra5 Rg4+ 42. Kh3 Rg1 43. Kh2 Re1 44. Kg3 Kf6 45. Ra6+ Re6 46. Ra5 Bf5 47. Rb5 Kg6 48. Ra5 Rf6 49. Rb5 Bg4 50. Rb3 Rd6 51. Ra3 Bf5 52. Ra4 Rd3+ 53. Kg2 f6 54. Rb4 Rd5 55. Ra4 Re5 56. Rb4 Re4 57. Rxe4 Bxe4+ 58. Kg3 Kf5 59. Kh3 Bf3 60. Kg3 Ke4 61. Kh2 Kf4 62. Kg1 Kg4 0-1

[Event "Early-Titled-Tuesday-Blitz-June-18-2024"]
[Site "Chess.com"]
[Date "2024.06.18"]
[Round "2"]
[White "evgchess5"]
[Black "KononenkoD"]
[Result "1-0"]
[WhiteElo "2936"]
[BlackElo "2630"]
[TimeControl "180+1"]
[EndTime "8:19:15 PDT"]
[Termination "evgchess5 won on time"]

1. e4 c6 2. d4 d5 3. e5 Bf5 4. h4 h5 5. c4 e6 6. Nc3 Ne7 7. Bg5 dxc4 8. Bxc4 Nd7 9. Nge2 Nb6 10. Bb3 Qd7 11.
Ng3 Bg6 12. O-O Nf5 13. Nxf5 Bxf5 14. Qd2 Be7 15. Rad1 O-O-O 16. a4 Kb8 17. a5 Nd5 18. Bxd5 cxd5 19. Rc1 Rc8 20. Bxe7 Qxe7 21. Qf4 Rc6 22.
Nxd5 exd5 23. Qxf5 Qe6 24. Qg5 g6 25. Rxc6 Qxc6 26.
Rc1 Qe6 27. Qd2 Rc8 28. Rxc8+ Qxc8 29. g3 a6 30. Kg2 Ka8 31. Qb4 Qc7 32. Qf8+ Ka7 33.
b4 Qd7 34. Qc5+ Ka8 35. Qf8+ Ka7 36. Qd6 Qb5 37. Qc5+ Kb8 38. Qxb5 axb5 39. g4 Kc7 40. gxh5 gxh5 41. Kg3 Kd7 42. Kf4 Ke6 43. Kg5 f6+ 44. exf6 Kf7 45. Kf5 Kf8 46. Kg6 Kg8 47. Kxh5 Kf7 48.
Kg5 Kf8 49. Kg6 Kg8 50. h5 Kf8 51. h6 Ke8 52. h7 Kd7 53. h8=Q b6 54. a6 Ke6 55. f7 Kd6 56. f8=Q+ Kc6 57. Qff6+ 1-0

[Event "Early-Titled-Tuesday-Blitz-June-18-2024"]
[Site "Chess.com"]
[Date "2024.06.18"]
[Round "2"]
[White "Puzzlebot_1294"]
[Black "SkinnyPuppy8"]
[Result "0-1"]
[WhiteElo "2679"]
[BlackElo "2185"]
[TimeControl "180+1"]
[EndTime "8:19:18 PDT"]
[Termination "SkinnyPuppy8 won by checkmate"]

1. d4 c5 2. d5 Nf6 3. Nc3 Qa5 4. Bd2 b5 5. a3 a6 6. e4 Qc7 7. f4 d6 8. Nf3 Bg4 9. Be2 Bxf3 10. Bxf3 g6 11. Qe2 Nfd7 12. O-O Bg7 13. Kh1 O-O 14. Rae1 b4 15. Nd1 a5 16. a4 c4 17. b3 cxb3 18. cxb3 Qc2 19. e5 Qxb3 20. e6 Nc5 21. exf7+ Rxf7 22. f5 Nbd7 23. fxg6 hxg6 24. Bg4 Ne5 25.
Rxf7 Kxf7 26. Rf1+ Kg8 27. Bh3 Rf8 28. Re1 Qd3 29. Ne3 Qxe2 30. Rxe2 Bh6 31. g3 Bxe3 32. Bxe3 Nxa4 33. Be6+ Kg7 34. Bd4 Nc3 35. Re3 a4 36.
Bxc3 bxc3 37. Rxc3 Ra8 38. Ra3 Nc4 39. Ra2 a3 40. Bg4 Rb8 41. Be2 Rb1+ 42. Kg2 Rb2 43. Ra1 Rxe2+ 44. Kf3 Rxh2 45. Ke4 a2 46. Kd4 Na3 47.
Kc3 Rg2 48. Kb3 Nb5 49. Re1 Rxg3+ 50. Kxa2 Nc3+ 51. Kb2 Nxd5 52. Kc2 e5 53. Kd2 Nf4 54. Ra1 Rg2+ 55. Ke3 Re2+ 56. Kf3 Kf6 57. Ra8 Kg5 58. Rf8 e4+ 59. Kg3 Rg2# 0-1

[Event "Early-Titled-Tuesday-Blitz-June-18-2024"]
[Site "Chess.com"]
[Date "2024.06.18"]
[Round "2"]
[White "AldokhinIvan"]
[Black "jaramsdal"]
[Result "0-1"]
[WhiteElo "2632"]
[BlackElo "2427"]
[TimeControl "180+1"]
[EndTime "8:19:19 PDT"]
[Termination "jaramsdal won on time"]

1. e4 c5 2. Nf3 g6 3. d4 cxd4 4.
Nxd4 Bg7 5. Nc3 Nc6 6. Be3 Nf6 7. Bc4 O-O 8. Bb3 d5 9. exd5 Na5 10. Qd2 Nxb3 11.
Nxb3 e6 12. O-O-O exd5 13. Nxd5 Nxd5 14. Qxd5 Qxd5 15. Rxd5 Be6 16. Rd2 a5 17. a3 Rfc8 18. Nc5 Bf5 19. f3 h5 20. h3 h4 21. Rhd1 b6 22. Na4 Rc6 23. Nxb6 Rb8 24. Rd8+ Rxd8 25. Rxd8+ Kh7 26. c3 Bxc3 27. bxc3 Rxc3+ 28. Kd2 Rc2+ 29. Ke1 Rxg2 30. Bf2 g5 31. Rd5 Kg6 32. Rxa5 Bxh3 33. Nd5 Be6 34. Ne3 Rh2 35. Ra8 Rh1+ 36. Ke2 h3 37.
Ng4 Ra1 38. Rh8 Ra2+ 39. Kf1 Rxa3 40. Ne5+ Kf5 41. Ng4 Kf4 42. Kg1 Bxg4 43. fxg4 Kxg4 44. Kf1 f5 45. Be1 Ra2 46. Rg8 h2 47. Rh8 f4 48. Bf2 Kf3 49. Be1 g4 0-1

[Event "Early-Titled-Tuesday-Blitz-June-18-2024"]
[Site "Chess.com"]
[Date "2024.06.18"]
[Round "2"]
[White "SicilianPanzer"]
[Black "patzer-reloaded"]
[Result "1-0"]
[WhiteElo "2313"]
[BlackElo "2491"]
[TimeControl "180+1"]
[EndTime "8:19:21 PDT"]
[Termination "SicilianPanzer won on time"]

1. d4 Nf6 2. Nf3 e6 3. Bf4 b6 4. e3 c5 5. c3 Be7 6. Nbd2 O-O 7. h3 Ba6 8. Bxa6 Nxa6 9. Qe2 Nb8 10. e4 Nc6 11. O-O d5 12. e5 Nd7 13. Be3 Rc8 14.
Ne1 cxd4 15. cxd4 Nb4 16. f4 Nc2 17. Nxc2 Rxc2 18. Rab1 g6 19. Rfc1 Qc7 20. Qd1 Rc8 21. Nf3 b5 22. Ne1 Rxc1 23. Rxc1 Qb7 24. Nd3 Rc4 25. b3 Rc6 26. Rxc6 Qxc6 27. Qc1 Qxc1+ 28. Bxc1 Kf8 29. Kf2 Ke8 30. Bd2 Nb8 31. Bb4 Nc6 32.
Bxe7 Kxe7 33. Ke3 a5 34. g3 b4 35. Nc5 f6 36. Nb7 fxe5 37. fxe5 g5 38. Kd3 Kf7 39. Ke3 Kg6 40. Nc5 h5 41. Nxe6 g4 42. hxg4 hxg4 43. Nf4+ Kf5 44. Nxd5 Ke6 45. Nf4+ Kf5 46.
Nd3 Ne7 47. Nc5 Nd5+ 48. Kd3 Ne7 49. Nb7 Nd5 50. Nxa5 Nc3 51. Nc6 Nxa2 52. d5 Nc3 53. Kc4 Nd1 54. Nxb4 Ne3+ 55. Kc5 Ke4 56. e6 Nf5 57. Kc6 Ke5 58. Kd7 Nd4 59. Nc6+ 1-0